 Dungeon Crawl Stone Soup version 0.17-a0-1210-g1e4f09d (webtiles) character file.

504 wotan the Ruffian (level 7, -5/56 (57) HPs)
             Began as a Ghoul Monk on June 3, 2015.
             Slain by an orc warrior
             ... wielding a +0 scimitar
              (15 damage)
             ... on level 3 of the Dungeon.
             The game lasted 00:15:26 (2833 turns).

wotan the Ruffian (Ghoul Monk)                      Turns: 2833, Time: 00:15:26

HP:   -5/56 (57)    AC:  6    Str: 15    XL:     7   Next: 17%
MP:   6/6           EV: 11    Int:  5    God:
Gold: 176           SH:  0    Dex: 13    Spells: 0 memorised, 6 levels left

rFire  . . .     SeeInvis .       - Unarmed
rCold  + . .     Clarity  .     f - +0 ring mail
rNeg   + + +     SustAt   .     (no shield)
rPois  ∞         Gourm    .     (no helmet)
rElec  .         Spirit   .     (no cloak)
rCorr  .         Warding  +     (no gloves)
rMut   .         Stasis   .     (no boots)
MR     .....                    d - amulet of warding
Stlth  +.........               (no ring)
                                (no ring)

@: rotting, not resistant to hostile enchantments, very unstealthy
A: rotting body, claws 1, carnivore 3, cold resistance 1, negative energy
resistance 3, slow healing 1, torment resistance, unbreathing
a: no special abilities


You were on level 3 of the Dungeon.
You were not hungry.

You visited 1 branch of the dungeon, and saw 4 of its levels.

You collected 176 gold pieces.

Inventory:

Missiles
 g - 84 stones (quivered)
 m - 3 tomahawks
Armour
 f - a +0 ring mail (worn)
Jewellery
 d - an amulet of warding (around neck)
Scrolls
 i - 2 scrolls of fog
 j - 2 scrolls of remove curse
Potions
 a - 2 potions of flight {unknown}
 e - a potion of heal wounds {unknown}
 l - a potion of might {unknown}
Comestibles
 b - 2 meat rations
 c - 5 chunks of flesh


   Skills:
 - Level 3.2 Fighting
 + Level 4.6 Armour
 - Level 2.6 Dodging
 - Level 2.1 Stealth
 - Level 7.0 Unarmed Combat


You had 6 spell levels left.
You didn't know any spells.

Dungeon Overview and Level Annotations

Branches:
Dungeon (4/15)
 Temple: D:4-7

Altars:
Nemelex Xobeh
Okawaru


Innate Abilities, Weirdness & Mutations

Your body is rotting away.
You thrive on raw meat.
You are immune to poison.
You have sharp fingernails.
You are carnivorous and can eat meat at any time.
Your flesh is cold resistant.
You are immune to negative energy.
You heal slowly when monsters are visible.
You are immune to unholy pain and torment.
You can survive without breathing.


Message History

The orc warrior hits you but does no damage.
You scratch the orc warrior but do no damage.
The orc warrior is severely wounded.
You scratch the orc warrior.
The orc warrior is severely wounded.
The orc warrior barely misses you.
You scratch the orc warrior.
The orc warrior is severely wounded.
The orc warrior hits you but does no damage.
The gnoll shouts!
You scratch the orc warrior. Your claw misses the orc warrior.
The orc warrior is almost dead.
You barely miss the orc warrior. Your claw misses the orc warrior.
The orc warrior is almost dead.
The orc warrior hits you with a scimitar.
* * * LOW HITPOINT WARNING * * *
You scratch the orc warrior.
The orc warrior is almost dead.
The orc warrior hits you with a scimitar!
You die...

#.#.##.# #....)......
#.#.##.# #........##.
#.#.##.# #######..##.
#.#.##.# #..##. #..>...#
##..### ###.############...##
#......##...##..#..##
#.##o#.##.#....###.).
#.##@#.##...##..#(.##
#########.##......[####...###
#............)...............
#P...≈≈≈≈≈≈≈≈≈≈≈≈≈≈≈≈≈≈≈....≈
#..(.≈≈≈≈≈≈≈≈≈≈≈≈≈≈≈≈≈≈≈....≈
#....≈≈#####≈≈≈≈≈≈≈≈≈≈≈≈....≈
#....≈≈#..g#.................
#...P≈≈#...#############''''#
#....≈≈###'# #....#


You could see an orc warrior (bleeding).

Vanquished Creatures
  A phantom (D:4)
  The ghost of asdu the Skirmisher, a weakling DsHu (D:3)
  A giant frog zombie (D:4)
  Natasha (thrice) (D:3)
  An orc wizard (D:3)
  7 adders
  11 gnolls
  A worm (D:1)
  2 giant geckos
  5 orcs
  7 bats
  A bat skeleton (D:4)
  8 giant cockroaches
  11 goblins
  12 hobgoblins
  20 jackals
  6 kobolds
  3 quokkas (D:3)
  9 giant newts
  8 rats
  A plant (D:3)
119 creatures vanquished.

Notes
Turn   | Place    | Note
--------------------------------------------------------------
     0 | D:1      | wotan the Ghoul Monk began the quest for the Orb.
     0 | D:1      | Reached XP level 1. HP: 19/19 MP: 0/0
   193 | D:1      | Reached XP level 2. HP: 20/26 MP: 1/1
   400 | D:1      | Reached skill level 5 in Unarmed Combat
   827 | D:2      | Reached XP level 3. HP: 30/30 MP: 2/2
   919 | D:2      | Found a sparkling altar of Nemelex Xobeh.
   926 | D:2      | Found an iron altar of Okawaru.
  1065 | D:2      | Reached skill level 6 in Unarmed Combat
  1065 | D:2      | Reached XP level 4. HP: 29/38 MP: 3/3
  1339 | D:3      | Noticed an orc warrior
  1507 | D:3      | Noticed Natasha
  1512 | D:3      | Killed Natasha
  1514 | D:3      | Reached XP level 5. HP: 35/45 MP: 4/4
  1560 | D:3      | Noticed Natasha
  1653 | D:3      | Reached skill level 7 in Unarmed Combat
  1834 | D:3      | Reached skill level 1 in Armour
  1959 | D:3      | Killed Natasha
  2030 | D:4      | Reached XP level 6. HP: 29/50 MP: 5/5
  2424 | D:3      | Noticed asdu's ghost (weakling DsHu)
  2441 | D:3      | Killed asdu's ghost
  2441 | D:3      | Reached XP level 7. HP: 49/57 MP: 6/6
  2547 | D:3      | Noticed Natasha
  2553 | D:3      | Killed Natasha
  2833 | D:3      | Slain by an orc warrior

Vault maps used:
D:1:      dpeg_arrival_more_subterranean_lakeside_camping
D:2:      nicolae_overflow_hidden_temple, fountainhead, kennysheep_nub
D:3:      lemuel_castle_with_subvaults, uniq_natasha

Action                   |  1- 3 |  4- 6 |  7- 9 || total
-------------------------+-------+-------+-------++-------
Melee: Unarmed           |   103 |   262 |    59 ||   424
Throw: Stone             |       |     1 |       ||     1
  Use: Scroll            |       |     6 |       ||     6
 Stab: Sleeping          |     1 |       |       ||     1
  Eat: Chunk             |     5 |    21 |     4 ||    30
